Match 39676970
Unlisted

Match 39676970
End
Construct Infanterie Kompanie
Kettenkrad Recon Vehicle
MG 42 Machine Gun Team
Selects Terror Battlegroup
Selects Machine Gun Camouflage
Grenadier Squad
MG 42 Machine Gun Team
Grenadier Squad
Construct Panzergrenadier Kompanie
251 Medium Carrier
251 Medium Carrier
Pak 40 Anti-tank Gun Team
Selects No Quarter
Panzergrenadier Squad
Selects Interrogate
Panzergrenadier Squad
Medical Station
Panzergrenadier Officer Quarters
Selects Jericho Trumpet
Panzergrenadier Squad
【PZV】幸运的雪风酱Ciallo~(∠・ω< )⌒★
killall
RadarContact
Old Man Henderson
Nameless
hello
0
0

Comments sign in to comment!

No comments posted yet!